 Dungeon Crawl Stone Soup version 0.14-a0-1844-g8283a67 (webtiles) character file.

133 Mitsuki the Covered (level 4, 30/30 HPs)
             Began as a Formicid Fighter on Jan 12, 2014.
             Quit the game on Level 2 of the Dungeon.
             The game lasted 00:04:52 (816 turns).

Mitsuki the Covered (Formicid Fighter)               Turns: 816, Time: 00:04:52

HP  30/30        AC  6     Str 22      XL: 4   Next:  3%
MP   4/4         EV  5     Int  7      God:
Gold 91          SH 19     Dex 10      Spells:  0 memorised,  3 levels left

rFire  . . .     SeeInvis +     a - +0 hand axe
rCold  . . .     Clarity  .     i - +0 chain mail
rNeg   . . .     Conserve .     c - +0 shield
rPois  x         rCorr    .     (helmet unavailable)
rElec  .         rRot     .     (no cloak)
SustAb . .       Spirit   .     (no gloves)
rMut   .         Warding  .     (no boots)
Saprov . . .     Stasis   +     (no amulet)
                                (no ring)
                                (no ring)

@: slightly resistant to hostile enchantments, extremely unstealthy
A: permanent stasis, dig shafts and tunnels, four strong arms, poison weakness,
antennae 3, deformed body, frail 1, slow metabolism 1, exoskeleton 1
a: Dig, Shaft Self


You were on level 2 of the Dungeon.
You were not hungry.

You visited 1 branch of the dungeon, and saw 2 of its levels.

You collected 91 gold pieces.

Inventory:

Hand weapons
 a - a +0,+0 hand axe (weapon)
Armour
 c - a +0 shield (worn)
 i - a +0 chain mail (worn)
Comestibles
 d - 2 bread rations
 h - 2 meat rations
Scrolls
 f - a scroll of fear
 k - a scroll of curse jewellery {unknown}
 m - a scroll of random uselessness {unknown}
Jewellery
 g - an uncursed ring of see invisible
 j - a cursed -4 ring of strength
Potions
 e - a potion of curing
 l - a potion of magic {unknown}
 n - a potion of brilliance {unknown}
Books
 o - a book of Air

   Spells                             Type                      Level
   Shock                              Conjuration/Air              1
   Swiftness                          Charms/Air                   2
   Repel Missiles                     Charms/Air                   2
   Flight                             Charms/Air                   3
   Static Discharge                   Conjuration/Air              3
   Lightning Bolt                     Conjuration/Air              5


   Skills:
 + Level 3.1 Fighting
 + Level 2.5 Axes
 + Level 3.9 Armour
 + Level 3.7 Shields


You had 3 spell levels left.
You didn't know any spells.

Dungeon Overview and Level Annotations

Branches:
Dungeon (2/16)

Altars:


Innate Abilities, Weirdness & Mutations

Your are under a permanent stasis effect.
You can dig through walls and to a lower floor.
Your four strong arms can wield any weapon, most with a shield.
You are susceptible to poison.
You have a pair of large antennae on your head (SInv).
Your body is surrounded by an exoskeleton. (HP +5, AC +1)
Armour fits poorly on your strangely shaped body.
You are frail (-10% HP).
You have a slow metabolism.


Message History

a dagger; a kobold corpse You found a teleport trap!
o - a book of Air
Okay, then.
HP restored.
Found 14 bolts.
p - a scroll of identify
Found a stone staircase leading down.
Read which item? (? for menu, Esc to quit)
Identify which item? (\ to view known items) (? for menu, Esc to quit)
As you read the scroll of identify, it crumbles to dust.
j - a cursed -4 ring of strength Identify which item? (\ to view known items) (? for menu, Esc to quit)
b - a potion of mutation Identify which item? (\ to view known items) (? for menu, Esc to quit)
e - a potion of curing Drink which item? (? for menu, Esc to quit)
You feel extremely strange.
Your body twists and deforms.
You feel frail.
Your metabolism slows.
Are you sure you want to abandon this character and quit the game? (Confirm with "yes".)

## #...# ###...##..# #.#........
###...###.........# #..........
###.................# ###........
..........#.......#.# #........
###.......###...###.#####..%.....
###...### #......#...##........
#...# #######.##.##........ #####
#....##.##........
#@#####.##........ #.#
#............ #.# #.###........
#.# #.# #........ #.# #.#
#........ #.# #.###........ #.#
#............ #.# #.###........
#># #.###........


There were no monsters in sight!

Vanquished Creatures
  3 giant geckos
  6 bats
  3 giant cockroaches
  8 hobgoblins (D:1)
  3 kobolds
  A quokka (D:2)
  A giant newt (D:1)
  4 goblins
  6 rats
35 creatures vanquished.

Notes
Turn   | Place    | Note
--------------------------------------------------------------
     0 | D:1      | Mitsuki, the Formicid Fighter, began the quest for the Orb.
     0 | D:1      | Reached XP level 1. HP: 19/19 MP: 1/1
    34 | D:1      | Reached XP level 2. HP: 20/24 MP: 2/2
   161 | D:1      | Reached XP level 3. HP: 23/28 MP: 3/3
   715 | D:2      | Reached XP level 4. HP: 33/33 MP: 4/4
   815 | D:2      | Gained mutation: Armour fits poorly on your strangely shaped body. [potion of mutation]
   815 | D:2      | Gained mutation: You are frail (-10% HP). [potion of mutation]
   815 | D:2      | Gained mutation: You have a slow metabolism. [potion of mutation]
   816 | D:2      | Quit the game

Action                   |  1- 3 |  4- 6 || total
-------------------------+-------+-------++-------
Melee: Hand axe          |   105 |     6 ||   111
  Use: Scroll            |     2 |     1 ||     3
       Potion            |       |     1 ||     1
